AoeStats
← Ghost

Arena

509533135Analyzed
2v2 RM · 6d ago on Sep 27, 2026· 43m 43s· 4 players
Game mode
Random Map
Map size
Medium (4 player)
Population
200
Speed
Normal
Resources
Standard
Victory
Conquest
Starting age
Dark Age
Ending age
Imperial Age
RankedLock teamsTeams togetherTeam positionsShared explorationLock speedFull tech treeHidden civsTurbo modeCheats
Victory
Defeat
🇦🇷 Huns · Argentina
889
+16
🇦🇷 Spanish · Argentina
861
+17
🇺🇸 Ethiopians · United States
895
-17
🇺🇸 Burgundians · United States
865
-16
Soldadito
10:52 Feudal Age
11:11 Loom
11:24 Horse Collar
11:31 Double-Bit Axe
19:24 Castle Age
19:47 Pikeman
27:12 Imperial Age
25:05 Gold Mining
25:06 Stone Mining
25:24 Scale Barding Armor
25:25 Town Watch
30:29 Marauders
31:21 Bloodlines
31:30 Forging
31:35 Husbandry
32:59 Wheelbarrow
32:19 Fletching
33:35 Halberdier
C0RMANO
11:44 Feudal Age
12:15 Double-Bit Axe
15:41 Wheelbarrow
18:55 Castle Age
21:42 Scale Barding Armor
22:30 Forging
21:44 Light Cavalry
22:42 Bloodlines
24:33 Chain Barding Armor
25:20 Loom
25:39 Husbandry
25:40 Fletching
30:43 Bow Saw
30:49 Thumb Ring
31:35 Hand Cart
36:06 Imperial Age
33:50 Horse Collar
34:52 Squires
35:06 Padded Archer Armor
35:01 Bodkin Arrow
38:00 Conscription
38:47 Chemistry
39:22 Cavalier
41:46 Ballistics
Quack Y Attack
7:39 Loom
10:15 Feudal Age
14:55 Castle Age
12:57 Fletching
13:38 Double-Bit Axe
18:04 Horse Collar
21:06 Crossbowman
24:37 Padded Archer Armor
24:32 Bodkin Arrow
24:44 Padded Archer Armor
25:38 Bow Saw
27:47 Wheelbarrow
27:05 Gold Mining
27:06 Stone Mining
28:07 Town Watch
29:23 Stone Shaft Mining
29:24 Gold Shaft Mining
34:30 Imperial Age
33:41 Thumb Ring
33:43 Squires
34:54 Arbalester
36:54 Ballistics
37:34 Chemistry
Ghost
13:05 Feudal Age
11:23 Loom
12:44 Double-Bit Axe
12:55 Gold Mining
12:46 Horse Collar
20:29 Castle Age
18:43 Bow Saw
20:55 Gold Shaft Mining
20:25 Heavy Plow
23:18 Two-Man Saw
22:56 Crop Rotation
22:04 Cavalier
24:02 Husbandry
25:55 Scale Barding Armor
28:11 Stone Mining
31:48 Forging
31:59 Chain Barding Armor
34:56 Iron Casting
Connection lost

Rejoining the realm…

Still unreachable

The connection could not be restored.

Session expired

The server has moved on; the page needs a fresh start.